 Dungeon Crawl Stone Soup version 0.30-a0-162-g2ba88f6271 (webtiles) character file.

Game seed: 7885122186542628024

129 Ijustatesigmund the Trooper (level 5, 0/52 HPs)
             Began as a Gargoyle Fighter on Sept 28, 2022.
             Slain by a gnoll
             ... wielding a +0 halberd
              (6 damage)
             ... on level 2 of the Dungeon.
             The game lasted 00:03:37 (2030 turns).

Ijustatesigmund the Trooper (Gargoyle Fighter)      Turns: 2030, Time: 00:03:38

Health: 0/52       AC: 10    Str: 20 (22) XL:     5   Next: 12%
Magic:  5/5        EV:  9    Int:  5 (8)  God:
Gold:   92         SH:  4    Dex:  7 (9)  Spells: 4/4 levels left

rFire   . . .      SeeInvis .    a - +0 flail
rCold   . . .      Faith    .    c - +0 buckler
rNeg    + . .      Spirit   .    b - +0 scale mail
rPois   ∞          Reflect  .    (no helmet)
rElec   +          Harm     .    (no cloak)
rCorr   .          Rampage  .    (no gloves)
Will    .....                    (no boots)
Stlth   ..........               (no amulet)
HPRegen 0.17/turn                (no ring)
MPRegen 0.09/turn                (no ring)

@: mighty, berserking, flying, very quick
A: sickness immunity, AC +4, negative energy resistance 1, electricity
resistance, torment resistance 1, petrification resistance
a: no special abilities


You were on level 2 of the Dungeon.
You visited 1 branch of the dungeon, and saw 3 of its levels.

You collected 92 gold pieces.

Inventory:

Hand Weapons
 a - a +0 flail (weapon)
Armour
 b - a +0 scale mail (worn)
 c - a +0 buckler (worn)
Jewellery
 g - an amulet of reflection
Wands
 d - a wand of charming (4)
Scrolls
 f - 2 scrolls of noise
Potions
 e - a potion of brilliance {unknown}
 h - a potion of attraction


   Skills:
 + Level 5.0 Fighting
 + Level 3.8 Maces & Flails
 - Level 3.2 Armour
 - Level 3.2 Shields


You had 4 spell levels left.
You didn't know any spells.
Your spell library was empty.

Dungeon Overview and Level Annotations

Branches:
Dungeon (3/15)

Altars:

Annotations:
D:2 Sigmund
D:3 Natasha


Innate Abilities, Weirdness & Mutations

You are immune to sickness and miasma.
Your stone body is resilient. (AC +4)
You are immune to poison.
You resist negative energy. (rN+)
You are resistant to electric shocks. (rElec)
You are resistant to unholy torment.
You are immune to petrification.


Message History

You see here a manual of Maces & Flails.
Something appears at your feet!
A giant cockroach comes into view.
The gnoll hits your ball python with a +0 club.
Your ball python dies!
The giant cockroach moves out of view.
It was a potion of flight.
You feel very buoyant.
You fly up into the air.
The gnoll hits you but does no damage.
It was a potion of degeneration.
There was something very wrong with that liquid.
You feel weakened.
You feel dopey.
You feel clumsy. The gnoll barely misses you.
The gnoll hits you but does no damage.
It was a potion of heal wounds.
You feel much better.
The gnoll hits you from afar with a +0 halberd!
The gnoll hits you with a +0 whip.
You hit the gnoll.
The gnoll is lightly wounded.
The gnoll hits you from afar with a +0 halberd!
The gnoll hits you but does no damage.
You sock the gnoll!
You kill the gnoll!
The gnoll hits you from afar with a +0 halberd.
* * * LOW HITPOINT WARNING * * *
The gnoll barely misses you. The gnoll hits you but does no damage.
Your Fighting skill increases to level 5!
You sock the gnoll!
The gnoll is severely wounded.
The gnoll barely misses you. The gnoll closely misses you.
You barely miss the gnoll.
The gnoll is severely wounded.
The gnoll closely misses you.
The gnoll hits you from afar with a +0 halberd.
* * * LOW HITPOINT WARNING * * *
It was a potion of berserk rage.
A red film seems to cover your vision as you go berserk!
You feel yourself moving faster!
You feel mighty! The gnoll hits you but does no damage.
The gnoll hits you from afar with a +0 halberd.
You die...

##### #...##############
#######.........>.......
.....)..........>...##
#######..?.#####g....# #
#....# #g##..# # ####.#
#@# .# # #b# #.....# .
...g..g....##.#.### .
..:............... .#
...........##.# ###
..............#
...........##.# .#
...........##.# .#
...........#


You could see 2 gnolls.

Vanquished Creatures
  Ijyb (D:3)
  Natasha (D:3)
  2 gnolls (D:2)
  3 adders
  2 endoplasms (D:2)
  A giant cockroach (D:2)
  4 goblins
  6 hobgoblins
  A quokka (D:1)
  2 ball pythons
  A bat (D:2)
  2 frilled lizards (D:2)
  5 kobolds
  5 rats
36 creatures vanquished.

Vanquished Creatures (others)
  A bat (D:2)
  A ball python (D:2)
2 creatures vanquished.

Grand Total: 38 creatures vanquished

Notes
Turn   | Place    | Note
-------+----------+-------------------------------------------
     0 | D:1      | Ijustatesigmund the Gargoyle Fighter began the quest for
                  | the Orb.
     0 | D:1      | Reached XP level 1. HP: 14/14 MP: 1/1
   637 | D:1      | Reached XP level 2. HP: 19/19 MP: 2/2
  1494 | D:2      | Noticed Sigmund
  1499 | D:2      | Reached skill level 4 in Fighting
  1499 | D:2      | Reached XP level 3. HP: 13/24 MP: 3/3
  1779 | D:3      | Reached XP level 4. HP: 15/30 MP: 4/4
  1797 | D:3      | Identified the +4 ring mail of the Moneychanger {Drain
                  | Str+2 Dex+4}
  1963 | D:3      | Noticed Ijyb
  1967 | D:3      | Noticed Natasha
  1983 | D:3      | Killed Natasha
  1985 | D:3      | Killed Ijyb
  1986 | D:3      | Reached XP level 5. HP: 15/34 MP: 5/5
  2002 | D:3      | Noticed Natasha
  2022 | D:2      | Identified a scroll of acquirement
  2022 | D:2      | Acquired a manual of Maces & Flails
  2028 | D:2      | Reached skill level 5 in Fighting
  2030 | D:2      | Slain by a gnoll

Illustrated notes

Levels and vault maps discovered:
D:1:      dpeg_arrival_radiant, layout_basic, minmay_tiny_reverse_x
D:2:      layout_basic, hellmonk_ecumenical_altar_pennies_from_heaven,
          minmay_crystal_room, uniq_sigmund, uniq_jessica
D:3:      layout_basic, yredelemnul_altar_generic, lemuel_round_altar,
          okawaru_altar_gauntlet_db, mainiacjoe_overflow_brackets,
          mainiacjoe_overflow_cross_hatched, uniq_natasha, uniq_ijyb

Skill      XL: |  1  2  3  4  5 |
---------------+----------------+-----
Fighting       | 4 5 |  5.0
Maces & Flails | 3 |  3.8
Armour         | |  3.2
Shields        | |  3.2

Action                   |  1- 3 |  4- 6 || total
-------------------------+-------+-------++-------
Melee: Flail             |    87 |    31 ||   118
Evoke: Wand              |       |     2 ||     2
  Use: Scroll            |     8 |     1 ||     9
       Potion            |       |     6 ||     6
Armor: Scale mail        |    67 |    33 ||   100
Dodge: Dodged            |    51 |    28 ||    79
Block: Buckler           |    27 |     8 ||    35

Table legend: (Time is in decaauts)
 A = Elapsed time spent in this place.
 B = Non-inter-level travel time spent in this place.
 C = Inter-level travel time spent in this place.
 D = Time resting spent in this place.
 E = Time spent auto-exploring this place.
 F = Levels seen in this place.
 G = Mean time per level.
                   A        B        C        D        E       F      G
               +--------+--------+--------+--------+--------+-----+--------+
         Total |   2067 |   1933 |    134 |    440 |   1127 |   3 |  689.0 |
       Dungeon |   2067 |   1933 |    134 |    440 |   1127 |   3 |  689.0 |
               +--------+--------+--------+--------+--------+-----+--------+

Top non-repeatable levels by time:
     D:1: 1459 daAuts
     D:2: 361 daAuts
     D:3: 246 daAuts
